 Dungeon Crawl Stone Soup version 0.31-a0-1300-gb6740aa4e6 (webtiles) character file.

Game seed: 12924029176392866233

935 whatisthis the Trooper (level 8, -1/71 HPs)
             Began as a Ghoul Monk on Dec 18, 2023.
             Was a Priest of Jiyva.
             Killed from afar by a steam dragon (22 damage)
             ... with a ball of steam
             ... on level 6 of the Dungeon.
             The game lasted 00:12:12 (3890 turns).

whatisthis the Trooper (Ghoul Monk)                 Turns: 3890, Time: 00:12:13

Health: -1/71      AC:  9    Str: 17    XL:     8   Next: 11%
Magic:  5/8        EV:  8    Int:  9    God:    Jiyva [***...]
Gold:   320        SH:  5    Dex: 11    Spells: 7/7 levels left

rFire   . . .        i - +0 flail
rCold   + . .        d - orb {light}
rNeg    + + +        s - +0 chain mail
rPois   ∞            (no helmet)
rElec   .            (no cloak)
rCorr   +            (no gloves)
SInv    .            (no boots)
Will    .....        v - amulet of reflection Stlth
                     (no ring)
HPRegen 1.12/turn    (no ring)
MPRegen 0.67/turn

%: reflection
@: calling ooze, inhibited regen, glowing
A: claws 1, cold resistance 1, negative energy resistance 3, inhibited
regeneration, torment resistance 2, devour on kill
a: Renounce Religion, Oozemancy


You were on level 6 of the Dungeon.
You worshipped Jiyva.
Jiyva was most pleased with you.
You visited 1 branch of the dungeon, and saw 6 of its levels.
You also visited: Sewer.

You collected 320 gold pieces.

Inventory:

Hand Weapons
 a - a +0 mace
 i - a +0 flail (weapon)
Missiles
 f - 55 stones (quivered)
 n - 6 poisoned darts
 q - 4 atropa-tipped darts
 r - 3 curare-tipped darts
 B - a boomerang
Armour
 d - an orb of light (worn)
 s - a +0 chain mail (worn)
Jewellery
 v - an amulet of reflection (around neck)
 C - a ring of fire
Wands
 j - a wand of flame (21)
Scrolls
 g - a scroll of fog {unknown}
 h - 3 scrolls of teleportation {unknown}
 k - 3 scrolls of poison {unknown}
 l - 5 scrolls of identify {unknown}
 p - 3 scrolls of revelation {unknown}
 u - a scroll of noise {unknown}
 w - 3 scrolls of blinking {unknown}
 y - a scroll of immolation {unknown}
 E - a scroll of enchant weapon {unknown}
Potions
 b - a potion of lignification {unknown}
 c - 4 potions of ambrosia
 e - 2 potions of might {unknown}
 m - a potion of cancellation {unknown}
 o - 2 potions of heal wounds {unknown}
 t - 4 potions of brilliance {unknown}
 x - 3 potions of curing {unknown}
 z - 2 potions of mutation {unknown}
 A - a potion of invisibility {unknown}
 D - a potion of resistance {unknown}
 F - a potion of degeneration {unknown}


   Skills:
 + Level 6.8 Fighting
 + Level 5.6 Maces & Flails
 + Level 4.0 Armour
 - Level 2.6 Dodging


You had 7 spell levels left.
You didn't know any spells.
Your spell library contained the following spells:

 Spells                   Type           Power      Damage    Failure   Level
 Apportation              Tloc           0%         N/A       99%         1
 Magic Dart               Conj           0%         1d3       99%         1
 Necrotise                Necr           0%         1d4       99%         1
 Summon Small Mammal      Summ           0%         N/A       99%         1
 Lesser Beckoning         Tloc           0%         N/A       99%         2
 Searing Ray              Conj           0%         2d4       99%         2
 Gell's Gravitas          Tloc           0%         N/A       100%        3
 Teleport Other           Tloc           0%         N/A       100%        3
 Fulminant Prism          Conj/Hex       0%         3d5       100%        4


Dungeon Overview and Level Annotations

Branches:
Dungeon (6/15)             Temple (0/1) D:4           Sewer (visited)

Altars:
Gozag
Trog

Shops:
D:2 *


Innate Abilities, Weirdness & Mutations

You are immune to poison.
You have sharp fingernails.
Your flesh is cold resistant. (rC+)
You are immune to negative energy. (rN+++)
You do not regenerate when monsters are visible.
You are immune to unholy pain and torment.
You thrive by killing the living.


Message History

The steam dragon is heavily wounded.
The steam dragon closely misses you. The steam dragon barely misses you.
You hit the steam dragon.
The steam dragon is severely wounded.
The steam dragon bites you. The steam dragon closely misses you.
You hit the steam dragon but do no damage.
The steam dragon is severely wounded.
The steam dragon bites you.
The steam dragon claws you but does no damage.
The steam dragon breathes steam at you. The ball of steam hits you!
The steam dragon bites you but does no damage.
The steam dragon claws you but does no damage.
The steam dragon bites you but does no damage.
The steam dragon closely misses you.
There is a stone staircase leading up here.
You hit the steam dragon.
The steam dragon is severely wounded.
The steam dragon breathes steam at you. The ball of steam misses you.
The steam dragon bites you.
The steam dragon claws you but does no damage.
The steam dragon bites you.
* * * LOW HITPOINT WARNING * * *
The steam dragon barely misses you.
Okay, then.
Activating: Oozemancy (21% risk of failure)
Press: ? - help, Dir - look around, f - activate This square is lit by a halo.
You fail to use your ability.
The steam dragon barely misses you. x2
Unknown command.
Unknown command.
Activating: Oozemancy (21% risk of failure)
Press: ? - help, Dir - look around, f - activate This square is lit by a halo.
Slime begins to ooze from the nearby walls!
The walls burn the steam dragon!
The steam dragon breathes steam at you. The ball of steam hits you!!
You die...

........# ...
........# #..
........# ..
........##.#
........#..#
........#.#
#.......#
######...##
##....D@...#
##........#.##
##....<.......#
#.............##
#...§.....†....#
#........†.......#
##.§.............#
#................#
##...............#


You could see a steam dragon (catching breath).

Vanquished Creatures
  A sky beast (D:6)
  A black bear (D:5)
  2 scorpions
  A hound (D:4)
  4 jellies
  An orc priest (D:4)
  A sleepcap (D:5)
  Ijyb (D:3)
  5 orc wizards
  3 gnolls (D:5)
  9 adders
  3 river rats (Sewer)
  2 worms (D:4)
  5 dart slugs
  9 orcs
  15 endoplasms
  7 giant cockroaches
  13 goblins
  6 hobgoblins
  7 kobolds
  5 quokkas
  16 ball pythons
  4 bats
  A frilled lizard (D:1)
  4 rats
126 creatures vanquished.

Vanquished Creatures (others)
  A hound (D:3)
  3 jellies
  An orc wizard (D:5)
  5 orcs
  A ball python (D:4)
11 creatures vanquished.

Grand Total: 137 creatures vanquished

Notes
Turn   | Place    | Note
-------+----------+-------------------------------------------
     0 | D:1      | whatisthis the Ghoul Monk began the quest for the Orb.
     0 | D:1      | Reached XP level 1. HP: 19/19 MP: 1/1
   183 | D:1      | Reached XP level 2. HP: 25/26 MP: 2/2
   489 | D:1      | Reached XP level 3. HP: 28/33 MP: 3/3
   559 | D:1      | Reached skill level 4 in Fighting
   916 | D:2      | Found an opulent altar of Gozag.
  1300 | D:2      | Reached XP level 4. HP: 38/41 MP: 4/4
  1415 | D:2      | Found Kotisenai's Assorted Antiques.
  1639 | D:3      | Noticed Ijyb
  1647 | D:3      | Killed Ijyb
  1703 | D:3      | Reached skill level 1 in Armour
  1703 | D:3      | Reached XP level 5. HP: 30/47 MP: 5/5
  1958 | D:3      | Found a bloodstained altar of Trog.
  2224 | D:4      | Found a glowing drain.
  2236 | D:4      | Reached skill level 5 in Fighting
  2248 | Sewer    | Entered a sewer
  2333 | Sewer    | Reached XP level 6. HP: 34/56 MP: 6/6
  2594 | Sewer    | Found a viscous altar of Jiyva.
  2759 | Sewer    | Became a worshipper of Jiyva Jepig the Shapeless
  2759 | Sewer    | Reached * piety under Jiyva
  2759 | Sewer    | Reached ** piety under Jiyva
  2780 | D:4      | Found a staircase to the Ecumenical Temple.
  2873 | D:4      | Reached XP level 7. HP: 58/62 MP: 7/7
  3213 | D:5      | Entered Level 5 of the Dungeon
  3249 | D:4      | Reached skill level 6 in Fighting
  3258 | D:4      | Reached skill level 5 in Maces & Flails
  3559 | D:5      | Reached *** piety under Jiyva
  3847 | D:6      | Reached XP level 8. HP: 71/71 MP: 8/8
  3890 | D:6      | Killed from afar by a steam dragon

Illustrated notes

Levels and vault maps discovered:
D:1:      nagdon_arrival_zigzag_paths, layout_loops_ring, serial_glass,
          glass_columns_b, glass_columns_b
D:2:      layout_loops_ring, basic_altar, serial_shops, nicolae_diamond_shop,
          mrwooster_statue_mirror
D:3:      layout_loops_ring, trog_antimagical, uniq_ijyb
D:4:      layout_rooms, minmay_temple_entry_tees, cheibrodos_sewer_entry_sluice
D:5:      layout_loops_ring
D:6:      layout_cave_pods, uniq_maggie, uniq_prince_ribbit1, uniq_pikel

Skill      XL: |  1  2  3  4  5  6  7  8 |
---------------+-------------------------+-----
Maces & Flails | 3 4 5 |  5.6
Fighting       | 4 5 6 |  6.8
Armour         | 1 2 3 4 |  4.0
Dodging        | |  2.6

Action                     |  1- 3 |  4- 6 |  7- 9 || total
---------------------------+-------+-------+-------++-------
  Melee: Mace              |    50 |       |       ||    50
         Flail             |    40 |   176 |   110 ||   326
  Throw: Dart              |       |     1 |       ||     1
 Invoke: Oozemancy         |       |       |     1 ||     1
 Armour: Robe              |    29 |       |       ||    29
         Leather armour    |    25 |       |       ||    25
         Chain mail        |       |   183 |   151 ||   334
  Dodge: Dodged            |    39 |    90 |    76 ||   205

Table legend: (Time is in decaauts)
 A = Elapsed time spent in this place.
 B = Non-inter-level travel time spent in this place.
 C = Inter-level travel time spent in this place.
 D = Time resting spent in this place.
 E = Time spent auto-exploring this place.
 F = Levels seen in this place.
 G = Mean time per level.
                   A        B        C        D        E       F      G
               +--------+--------+--------+--------+--------+-----+--------+
         Total |   3984 |   3847 |    137 |    342 |   2345 |   7 |  569.1 |
       Dungeon |   3425 |   3288 |    137 |    196 |   2201 |   6 |  570.8 |
         Sewer |    559 |    559 |      0 |    146 |    144 |   1 |  559.0 |
               +--------+--------+--------+--------+--------+-----+--------+

Top non-repeatable levels by time:
     D:1: 820 daAuts
     D:3: 744 daAuts
     D:2: 719 daAuts
     D:5: 577 daAuts
   Sewer: 559 daAuts
     D:4: 496 daAuts
     D:6: 66 daAuts
